 Dungeon Crawl Stone Soup version 0.23-a0-644-gb60d84b (webtiles) character file.

32 Gorice the Skirmisher (level 3, -1/29 HPs)
             Began as a Demonspawn Wanderer on Jan 1, 2019.
             Slain by a bullfrog (7 damage)
             ... on level 2 of the Dungeon.
             The game lasted 00:03:28 (1776 turns).

Gorice the Skirmisher (Demonspawn Wanderer)         Turns: 1776, Time: 00:03:29

Health: -1/29      AC:  3    Str: 13    XL:     3   Next: 10%
Magic:  4/6        EV: 11    Int: 15    God:
Gold:   72         SH:  0    Dex: 10    Spells: 5/6 levels left

rFire    . . .     SeeInvis .   b - +0 spear
rCold    . . .     Gourm    .   (no shield)
rNeg     . . .     Faith    .   c - +1 robe
rPois    .         Spirit   .   (helmet restricted)
rElec    .         Reflect  .   (no cloak)
rCorr    .         Harm     .   (no gloves)
MR       .....                  (no boots)
Stlth    ++........             i - amulet of rage
HPRegen  0.09/turn              (no ring)
MPRegen  0.10/turn              (no ring)

@: no status effects
A: antennae 1
a: Evoke Berserk Rage


You were on level 2 of the Dungeon.
You were not hungry.

You visited 1 branch of the dungeon, and saw 2 of its levels.

You collected 72 gold pieces.

Inventory:

Hand Weapons
 b - a +0 spear (weapon)
 d - a +0 dagger
Missiles
 Y - 41 stones (quivered)
Armour
 c - a +1 robe (worn)
 o - a +0 buckler
Jewellery
 i - an amulet of rage (around neck)
Scrolls
 e - a scroll of teleportation {!r}
 h - a scroll of fear {unknown}
 n - a scroll of remove curse
Potions
 a - 2 potions of heal wounds {unknown}
 g - a potion of magic {unknown}
 j - a potion of berserk rage {unknown}
 k - a potion of flight {unknown}
 m - 2 potions of curing {unknown}
 p - a potion of brilliance {unknown}
Comestibles
 f - 3 rations
 l - a chunk of flesh


   Skills:
 + Level 3.6 Fighting
 - Level 1.7 Stealth
 - Level 2.0 Spellcasting
   Level 2.0 Summonings
   Level 1.0 Transmutations
 - Level 1.0 Evocations


You had 5 spell levels left.
You knew the following spells:

 Your Spells              Type           Power        Failure   Level  Hunger
a - Magic Dart            Conj           #...         22%         1    #......

Your spell library contained the following spells:

 Spells                   Type           Power        Failure   Level  Hunger
 Call Imp                 Summ           #.......     14%         2    ###....
 Blink                    Tloc           N/A          32%         2    ###....
 Slow                     Hex            #.......     32%         2    ###....
 Conjure Flame            Conj/Fire      #.......     54%         3    ###....
 Mephitic Cloud           Conj/Pois/Air  #.......     54%         3    ###....


Dungeon Overview and Level Annotations

Branches:
Dungeon (2/15)

Altars:
Yredelemnul


Innate Abilities, Weirdness & Mutations

You have a pair of small antennae on your head.


Message History

Press: ? - help, Dir - move target cursor, f/p - worm
Aim: a worm (severely wounded)
You reach to attack!
You hit the worm.
You kill the worm!
You see here a +0 dagger.
Y - 39 stones (gained 1)
You see here a frilled lizard skeleton.
Y - 41 stones (gained 2) Some of the chunks of flesh in your inventory have rotted away.
You now have 72 gold pieces (gained 19).
n - a scroll of remove curse A bullfrog comes into view.
The bullfrog croaks.
Found 11 arrows.
Casting: Magic Dart (safe; 22% risk of failure)
Confirm with . or Enter, or press ? or * to list all spells.
Aiming: Magic Dart (safe; 22% risk of failure)
Press: ? - help, Shift-Dir - straight line, f - bullfrog
Aim: a bullfrog The magic dart hits the bullfrog.
The bullfrog is lightly wounded.
Casting: Magic Dart (safe; 22% risk of failure)
Confirm with . or Enter, or press ? or * to list all spells.
Aiming: Magic Dart (safe; 22% risk of failure)
Press: ? - help, Shift-Dir - straight line, f/p - bullfrog
Aim: a bullfrog (lightly wounded)
The magic dart hits the bullfrog.
The bullfrog is lightly wounded.
You barely miss the bullfrog.
The bullfrog is lightly wounded.
The bullfrog hits you. x2
Damage: 12 (max 12)
You hit the bullfrog.
The bullfrog is moderately wounded.
The bullfrog closely misses you. The bullfrog barely misses you.
You hit the bullfrog.
The bullfrog is heavily wounded.
The bullfrog hits you.
* * * LOW HITPOINT WARNING * * *
Damage: 3 (max 12)
You are too injured to fight recklessly!
You are too injured to fight recklessly!
You are too injured to fight recklessly!
You are too injured to fight recklessly!
You closely miss the bullfrog.
The bullfrog is heavily wounded.
The bullfrog hits you!
* * * LOW HITPOINT WARNING * * *
The bullfrog hits you!
You die...

.# .# .#
##### .#
..... (# ####
.#
###########.#
#........@F.#
#.###########
########.#
.........#
##########


You could see a bullfrog.

Vanquished Creatures
  A worm (D:2)
  A dart slug (D:1)
  2 bats
  A giant cockroach (D:1)
  6 goblins
  3 hobgoblins (D:1)
  2 quokkas (D:2)
  3 frilled lizards
  2 kobolds
  6 rats (D:1)
27 creatures vanquished.

Notes
Turn   | Place    | Note
-------+----------+-------------------------------------------
     0 | D:1      | Gorice the Demonspawn Wanderer began the quest for the Orb.
     0 | D:1      | Gorice set off with the following items: a +0 spear, a +0
                  | robe, a +0 dagger, a ration; and the following spell
                  | memorised: Magic Dart; and the following spells available
                  | to memorise: Call Imp, Blink, Slow, Conjure Flame, Mephitic
                  | Cloud
     0 | D:1      | Reached XP level 1. HP: 16/16 MP: 3/3
   405 | D:1      | Gained mutation: You have a pair of small antennae on your
                  | head. [demonic ancestry]
   405 | D:1      | Reached XP level 2. HP: 14/23 MP: 5/5
   605 | D:1      | Reached skill level 3 in Fighting
  1674 | D:2      | Reached XP level 3. HP: 29/29 MP: 6/6
  1678 | D:2      | Found a basalt altar of Yredelemnul.
  1769 | D:2      | Noticed a bullfrog
  1776 | D:2      | HP: 6/29 [bullfrog (8)]
  1776 | D:2      | Slain by a bullfrog

Vault maps used:
D:1:      dpeg_arrival_round_a
D:2:      yredelemnul_altar_generic, minmay_circle_x

Skill      XL: |  1  2 |
---------------+-------+-----
Fighting       | 3 |  3.6
Stealth        | |  1.7
Spellcasting   | |  2.0
Summonings     | |  2.0
Transmutations | |  1.0
Evocations     | |  1.0

Action                   || total
-------------------------++-------
Melee: Spear             ||   113
 Cast: Magic Dart        ||     4
  Use: Scroll            ||     3
 Stab: Sleeping          ||     4
  Eat: Chunk             ||     3
Armor: Robe              ||    13
Dodge: Dodged            ||    40

Table legend:
 A = Non-vault XP
 B = Vault XP
 C = Vault XP percentage of total XP
 D = Non-vault monster count
 E = Vault monster count
 F = Vault count percentage of total count
                 A         B        C        D         E       F
            +---------+---------+-------+---------+---------+-------
      Total |      47 |       0 |   0.0 |      27 |       0 |   0.0
            +---------+---------+-------+---------+---------+-------
        D:1 |      32 |       0 |   0.0 |      19 |       0 |   0.0
        D:2 |      15 |       0 |   0.0 |       8 |       0 |   0.0
            +---------+---------+-------+---------+---------+-------

Table legend:
 A = Turns spent in this place as a percentage of turns spent in the entire game.
 B = Non-inter-level travel turns spent in this place as a percentage of non-inter-level travel turns spent in the entire game.
 C = Inter-level travel turns spent in this place as a percentage of turns spent in this place.
 D = Turns resting spent in this place as a percentage of non-inter-level travel turns spent in this place.
 E = Turns spent auto-exploring this place as a percentage of non-inter-level travel turns spent in this place.
 F = Non-inter-level travel turns spent in this place divided by the number of levels of this place that you've seen.
                   A       B       C       D       E      F
               +-------+-------+-------+-------+-------+----------------------
         Total | 100.0 | 100.0 |   6.1 |  42.2 |  37.5 | 834.0
       Dungeon | 100.0 | 100.0 |   6.1 |  42.2 |  37.5 | 834.0
               +-------+-------+-------+-------+-------+----------------------

Vault maps used:
D:1:      dpeg_arrival_round_a
D:2:      yredelemnul_altar_generic, minmay_circle_x
